 Dungeon Crawl Stone Soup version 0.20.1-1-g8b1a95d (webtiles) character file.

242 Tr0llz0r the Shield-Bearer (level 5, 0/49 HPs)
             Began as a Centaur Fighter on Aug 24, 2017.
             Slain by Eustachio
             ... wielding a +0 rapier
              (4 damage)
             ... on level 4 of the Dungeon.
             The game lasted 00:22:25 (4019 turns).

Tr0llz0r the Shield-Bearer (Centaur Fighter)        Turns: 4019, Time: 00:22:26

Health: 0/49       AC:  8    Str: 19      XL:     5   Next: 81%
Magic:  5/5        EV:  3    Int:  7      God:
Gold:   224        SH: 10    Dex: 13 (16) Spells: 4/4 levels left

rFire    . . .     SeeInvis +   a - +2 long sword
rCold    . . .     Gourm    .   k - +1 shield
rNeg     . . .     Faith    .   r - +0 chain mail
rPois    .         Spirit   .   (no helmet)
rElec    .         Reflect  .   (no cloak)
rCorr    .         Harm     .   (no gloves)
MR       +....                  (no barding)
Stlth    ..........             (no amulet)
Regen    0.2/turn               n - +5 ring of dexterity
MPRegen  0.1/turn               u - ring of see invisible

@: very quick
A: hooves 3, agile 1, deformed body, speed 2, magic resistance 1, robust 1,
tough skin 3
a: no special abilities


You were on level 4 of the Dungeon.
You were not hungry.

You visited 1 branch of the dungeon, and saw 4 of its levels.

You collected 224 gold pieces.

Inventory:

Hand Weapons
 a - a +2 long sword (weapon)
 c - a +0 mace
 g - a +0 whip
 q - a +0 great sword
 t - a +0 hand axe
 z - a +0 blowgun
 B - a +2 falchion of holy wrath
Missiles
 h - 83 stones (quivered)
 i - 13 arrows
 l - 9 bolts
 w - 16 sling bullets
 A - 10 poisoned needles
Armour
 k - a +1 shield (worn)
 r - a +0 chain mail (worn)
Jewellery
 n - a +5 ring of dexterity (left hand)
 u - a ring of see invisible (right hand)
Scrolls
 e - 3 scrolls of noise
 m - a scroll of teleportation
 y - 2 scrolls of immolation
Potions
 d - a potion of might
 j - 3 potions of curing
Comestibles
 f - a bread ration
 o - 3 royal jellies


   Skills:
 + Level 3.2 Fighting
 + Level 2.9 Long Blades
 + Level 3.1 Armour
 + Level 0.5 Dodging
 + Level 0.1 Stealth
 + Level 3.6 Shields


You had 4 spell levels left.
You didn't know any spells.

Dungeon Overview and Level Annotations

Branches:
Dungeon (4/15)
 Temple: D:4-7

Altars:

Annotations:
D:4 Eustachio


Innate Abilities, Weirdness & Mutations

You have hooves in place of feet.
Armour fits poorly on your strangely shaped body.
You cover ground very quickly.
You have extremely tough skin. (AC +3)
You are agile. (Dex +2)
You are resistant to hostile enchantments. (MR+)
You are robust. (+10% HP)


Message History

You miss the quokka.
The quokka is moderately wounded.
The quokka barely misses you. You block the quokka's attack.
Eustachio hits you with a rapier.
* * * LOW HITPOINT WARNING * * *
The quokka bites you.
* * * LOW HITPOINT WARNING * * *
You barely miss the quokka.
The quokka is moderately wounded.
The quokka bites you but does no damage.
Eustachio hits you with a rapier.
* * * LOW HITPOINT WARNING * * *
The quokka bites you but does no damage.
The quokka bites you.
* * * LOW HITPOINT WARNING * * *
Eustachio hits you but does no damage.
Eustachio casts a spell.
Eustachio blinks!
Eustachio hits you with a rapier.
You die...

#....... #. #.###^## #.
#.#.#..... #. #.#.#.#.##
#.. #.#.#.#...
#..#######.#.#.####
#.......<#.#.#.....
######.##....##.#.######
.....#.@r.......#.## #..
........@r.........###.#
.....#.......###........
.... #....#### #...###.#
### #....# ##...###.#
#....# #......... #....#
#......... ###....#
#....<.... #......#
#.........


You could see Eustachio and 2 quokkas.

Vanquished Creatures
  An iguana (D:4)
  Terence (D:2)
  8 adders
  3 gnolls (D:4)
  A worm (D:2)
  5 leopard geckos
  3 giant cockroaches
  3 goblins
  7 hobgoblins
  13 jackals
  2 ball pythons
  3 bats
  8 frilled lizards
  15 kobolds
  13 rats
86 creatures vanquished.

Notes
Turn   | Place    | Note
-------+----------+-------------------------------------------
     0 | D:1      | Tr0llz0r the Centaur Fighter began the quest for the Orb.
     0 | D:1      | Reached XP level 1. HP: 19/19 MP: 1/1
   158 | D:1      | Reached XP level 2. HP: 16/26 MP: 2/2
  1100 | D:1      | Reached XP level 3. HP: 29/31 MP: 3/3
  1502 | D:2      | Reached XP level 4. HP: 18/38 MP: 4/4
  1880 | D:2      | Noticed Terence
  1901 | D:2      | Killed Terence
  2434 | D:3      | Reached XP level 5. HP: 42/45 MP: 5/5
  3514 | D:4      | Noticed Eustachio
  3549 | D:4      | Gained mutation: You occasionally shout uncontrollably at your foes. [potion of mutation]
  3549 | D:4      | Gained mutation: You are frail. (-10% HP) [potion of mutation]
  3549 | D:4      | Gained mutation: Your body sometimes deteriorates upon taking damage. [potion of mutation]
  3549 | D:4      | Gained mutation: You are resistant to hostile enchantments. (MR+) [potion of mutation]
  3983 | D:4      | Lost mutation: Your body sometimes deteriorates upon taking damage. [potion of mutation]
  3983 | D:4      | Lost mutation: You are frail. (-10% HP) [potion of mutation]
  3983 | D:4      | Lost mutation: You occasionally shout uncontrollably at your foes. [potion of mutation]
  3983 | D:4      | Lost mutation: You are resistant to hostile enchantments. (MR+) [potion of mutation]
  3983 | D:4      | Gained mutation: You are agile. (Dex +2) [potion of mutation]
  3983 | D:4      | Gained mutation: You are robust. (+10% HP) [potion of mutation]
  3983 | D:4      | Gained mutation: You are resistant to hostile enchantments. (MR+) [potion of mutation]
  4019 | D:4      | Slain by Eustachio

Skill      XL: |  1  2  3  4  5 |
---------------+----------------+-----
Long Blades    | 2 |  2.9
Shields        | 3 |  3.6
Armour         | 3 |  3.1
Fighting       | |  3.2
Dodging        | |  0.5
Stealth        | |  0.1

Action                   |  1- 3 |  4- 6 || total
-------------------------+-------+-------++-------
Melee: Long sword        |   104 |   178 ||   282
       Kick              |    21 |    49 ||    70
  Use: Potion            |     2 |     8 ||    10
       Scroll            |     1 |     8 ||     9
  Eat: Bread ration      |       |     2 ||     2
Armor: Scale mail        |    73 |       ||    73
       Chain mail        |    61 |   224 ||   285
       Skin              |       |    87 ||    87
Dodge: Dodged            |    28 |    52 ||    80
Block: Shield            |   103 |   212 ||   315
       Rpst.: Long sword |    11 |    20 ||    31
